 Dungeon Crawl Stone Soup version 0.29.1-1-gd02db6906a (webtiles) character file.

Game seed: 1589251781288148579

56 ImASeal the Shooter (level 4, -1/33 HPs)
             Began as a Human Hunter on Oct 18, 2022.
             Slain by a river rat (7 damage)
             ... in a sewer.
             The game lasted 00:04:28 (1891 turns).

ImASeal the Shooter (Human Hunter)                  Turns: 1891, Time: 00:04:29

Health: -1/33      AC:  4    Str: 11    XL:     4   Next: 17%
Magic:  4/4        EV: 12    Int: 10    God:
Gold:   184        SH:  0    Dex: 18    Spells: 3/3 levels left

rFire   + . .      SeeInvis .   a - +0 shortbow
rCold   . . .      Faith    .   (shield currently unavailable)
rNeg    . . .      Spirit   .   c - +0 leather armour
rPois   .          Reflect  .   (no helmet)
rElec   .          Harm     .   l - +0 cloak
rCorr   .          Rampage  .   (no gloves)
Will    .....                   (no boots)
Stlth   ++........              (no amulet)
HPRegen 0.11/turn               f - ring of protection from fire
MPRegen 0.09/turn               g - ring of flight

@: flying
A: no striking features
a: no special abilities


You were in a sewer.
You visited 1 branch of the dungeon, and saw 3 of its levels.
You also visited: Sewer.

You collected 184 gold pieces.

Inventory:

Hand Weapons
 a - a +0 shortbow (weapon)
Missiles
 q - 4 poisoned darts
Armour
 c - a +0 leather armour (worn)
 l - a +0 cloak (worn)
Jewellery
 f - a ring of protection from fire (left hand)
 g - a ring of flight (right hand)
 n - a ring of willpower
Wands
 p - a wand of paralysis (1) (quivered)
Scrolls
 d - 2 scrolls of teleportation {unknown}
 i - 4 scrolls of identify {unknown}
 r - a scroll of amnesia {unknown}
Potions
 h - a potion of flight {unknown}
 m - a potion of invisibility {unknown}
 s - a potion of attraction {unknown}


   Skills:
 - Level 2.0 Fighting
 + Level 5.4 Ranged Weapons
 - Level 2.0 Dodging
 - Level 1.0 Stealth


You had 3 spell levels left.
You didn't know any spells.
Your spell library contained the following spells:

 Spells                   Type           Power      Damage    Failure   Level
 Animate Armour           Summ/Erth      0%         N/A       99%         4
 Blade Hands              Tmut           0%         N/A       100%        5
 Iron Shot                Conj/Erth      0%         9d1       100%        6


Dungeon Overview and Level Annotations

Branches:
Dungeon (3/15)              Sewer (1/1)

Altars:
Okawaru

Shops:
D:1 (


Message History

Press: ? - help, Shift-Dir - straight line, f/p - river rat
Aim: a river rat (severely wounded, chance to affect: 57%)
The river rat suddenly stops moving!
You feel better.
The helpless river rat fails to defend itself.
You clumsily bash the river rat but do no damage.
The river rat is severely wounded.
The helpless river rat fails to defend itself.
You clumsily bash the river rat but do no damage.
The river rat is severely wounded.
The helpless river rat fails to defend itself.
You clumsily bash the river rat but do no damage.
The river rat is severely wounded.
The helpless river rat fails to defend itself.
You clumsily bash the river rat.
The river rat is severely wounded.
As you read the scroll labelled WOCLAIXZIC, it crumbles to dust.
Wisps of shadow whirl around you...
It was a scroll of summoning.
As you read the scroll labelled ZEFEPA CARE, it crumbles to dust.
Nothing appears to happen.
It was a scroll of butterflies.
The river rat is no longer paralysed.
Your bat closely misses the river rat.
Your bat barely misses the river rat.
The river rat bites you.
As you read the scroll of immolation, it crumbles to dust.
The creatures around you are filled with an inner flame!
The river rat bites you but does no damage.
The helpless river rat fails to defend itself.
You clumsily bash the river rat but do no damage.
The river rat is severely wounded.
The river rat is no longer paralysed.
Your bat hits the river rat but does no damage.
The river rat bites you. The river rat barely misses you.
The river rat bites you.
* * * LOW HITPOINT WARNING * * *
The river rat bites you.
* * * LOW HITPOINT WARNING * * *
You clumsily bash the river rat but do no damage.
The river rat is severely wounded.
Your bat hits the river rat but does no damage. x2
The river rat bites you!
You die... ############### ~....rr@r.b.... ###############

You could see 2 river rats, a rat (inner flame) and a friendly bat (summoned, inner flame).

Vanquished Creatures
  2 adders
  A river rat (Sewer)
  A dart slug (D:2)
  7 endoplasms
  A goblin (D:1)
  2 hobgoblins
  A quokka (D:3)
  3 ball pythons
  2 bats
  A frilled lizard (D:1)
  3 kobolds
  5 rats
29 creatures vanquished.

Notes
Turn   | Place    | Note
-------+----------+-------------------------------------------
     0 | D:1      | ImASeal the Human Hunter began the quest for the Orb.
     0 | D:1      | Reached XP level 1. HP: 16/16 MP: 1/1
   280 | D:1      | Found Aklum's Antique Weapon Shop.
   321 | D:1      | Reached XP level 2. HP: 22/22 MP: 2/2
   901 | D:2      | Found an iron altar of Okawaru.
  1438 | D:2      | Reached XP level 3. HP: 27/27 MP: 3/3
  1453 | D:2      | Reached skill level 5 in Ranged Weapons
  1841 | D:3      | Found a glowing drain.
  1850 | Sewer    | Entered a sewer
  1858 | Sewer    | Reached XP level 4. HP: 16/33 MP: 4/4
  1891 | Sewer    | Slain by a river rat

Illustrated notes

Levels and vault maps discovered:
D:1:      dpeg_arrival_three_smaller_balls, layout_loops_ring, serial_shops,
          shop
D:2:      layout_basic, basic_altar, nicolae_concentric_dashed_squares_wild,
          minmay_misc_feat_square
D:3:      layout_loops_corners, dreamdust_ecumenical_altar_statues,
          portal_sewer_entry_d
Sewer:    sewer_kobolds

Skill      XL: |  1  2  3 |
---------------+----------+-----
Ranged Weapons | 5 |  5.4
Fighting       | |  2.0
Dodging        | |  2.0
Stealth        | |  1.0

Action                   |  1- 3 |  4- 6 || total
-------------------------+-------+-------++-------
Melee: Shortbow          |       |    21 ||    21
 Fire: Shortbow          |    71 |       ||    71
Evoke: Wand              |       |     6 ||     6
  Use: Potion            |       |     4 ||     4
       Scroll            |       |     3 ||     3
 Stab: Paralysed         |       |    11 ||    11
Armor: Leather armour    |     7 |     3 ||    10
Dodge: Dodged            |    22 |    19 ||    41
